 Dungeon Crawl Stone Soup version 0.18.1-8-gdd0e5ea (webtiles) character file.

44 Gagarin the Chiller (level 3, -3/24 HPs)
             Began as a Merfolk Ice Elementalist on May 31, 2016.
             Slain by Sigmund
             ... wielding a +0 scythe
              (12 damage)
             ... on level 2 of the Dungeon on June 1, 2016.
             The game lasted 00:05:59 (1368 turns).

Gagarin the Chiller (Merfolk Ice Elementalist)      Turns: 1368, Time: 00:06:00

Health: -3/24      AC:  2    Str:  8    XL:     3   Next: 60%
Magic:  7/7        EV: 13    Int: 15    God:
Gold:   52         SH:  0    Dex: 14    Spells: 2 memorised, 4 levels left

rFire  . . .     SeeInvis .     e - +2 short sword (freeze)
rCold  . . .     Gourm    .     a - +0 robe
rNeg   . . .     Faith    .     (no shield)
rPois  .         Spirit   .     (no helmet)
rElec  .         Dismiss  .     (no cloak)
rCorr  .         Reflect  .     (no gloves)
SustAt .         Harm     .     (no boots)
MR     .....                    (no amulet)
Stlth  ++........               (no ring)
                                (no ring)

@: hasted, very quick, not resistant to hostile enchantments, unstealthy
A: change form in water, swift swim
a: no special abilities


You were on level 2 of the Dungeon.
You were not hungry.

You visited 1 branch of the dungeon, and saw 2 of its levels.

You collected 52 gold pieces.

Inventory:

Hand Weapons
 d - a +1 dagger of draining
 e - a +2 short sword of freezing (weapon)
Missiles
 q - 3 poisoned javelins (quivered)
Armour
 a - a +0 robe (worn)
Scrolls
 g - 3 scrolls of fog {unknown}
 h - a scroll of blinking {unknown}
 k - a scroll of immolation {unknown}
 l - a scroll of amnesia {unknown}
 n - 2 scrolls of identify {unknown}
 p - a scroll of enchant armour {unknown}
 r - a scroll of fear {unknown}
Potions
 j - a potion of degeneration {unknown}
 o - a potion of curing {unknown}
Books
 b - a book of Frost

   Spells                             Type                      Level
   a - Freeze                         Ice                          1
   b - Throw Frost                    Conjuration/Ice              2
   c - Ozocubu's Armour               Charms/Ice                   3
   d - Throw Icicle                   Conjuration/Ice              4
   e - Summon Ice Beast               Ice/Summoning                4
Comestibles
 c - a bread ration
 i - 7 fruits
 m - a chunk of flesh


   Skills:
 + Level 0.2 Short Blades
 + Level 2.8 Dodging
 + Level 2.3 Stealth
 + Level 2.9 Spellcasting
 + Level 0.8 Conjurations
 + Level 3.9 Ice Magic


You had 4 spell levels left.
You knew the following spells:

 Your Spells              Type           Power        Failure   Level  Hunger
a - Freeze                Ice            ##..         4%          1    #......
b - Throw Frost           Conj/Ice       #.....       12%         2    ##.....


Dungeon Overview and Level Annotations

Branches:
Dungeon (2/15)

Altars:

Annotations:
D:2 Sigmund


Message History

Sigmund points at you and mumbles some strange words.
The puff of flame hits you!
You're too confused to cast spells.
Sigmund gestures wildly while chanting.
Sigmund flickers and vanishes!
Deactivating autopickup; reactivate with Ctrl-A.
The goblin misses you.
Found a metallic golden potion.
Something barely misses you. The goblin closely misses you.
A puff of flame appears from out of thin air!
The puff of flame hits the goblin.
The goblin dies!
You feel less confused.
You hear some strange, mumbled words.
A puff of flame appears from out of thin air!
The puff of flame hits you!
Drink which item? (? for menu, Esc to quit)
It was a potion of haste.
You feel yourself speed up. Something hits you!
Ouch! That really hurt!
You die...

...############..)...#.......#.#
...# .............#.##.####.#
...# !........<...#.##......#
...# .............#.#########
...# .............#.#
.............#.#
.(..(.{......'.#
.......†.....### .(......@....#
.............# .............#
.............# .............#
##############


There were no monsters in sight!

Vanquished Creatures
  An adder (D:2)
  An ooze (D:1)
  A worm (D:2)
  A dart slug (D:2)
  4 bats (D:1)
  A giant cockroach (D:2)
  4 goblins
  3 hobgoblins (D:1)
  2 giant newts (D:1)
  A kobold (D:1)
  7 rats
26 creatures vanquished.

Vanquished Creatures (others)
  A goblin (D:2)
1 creature vanquished.

Grand Total: 27 creatures vanquished

Notes
Turn   | Place    | Note
--------------------------------------------------------------
     0 | D:1      | Gagarin the Merfolk Ice Elementalist began the quest for the Orb.
     0 | D:1      | Reached XP level 1. HP: 13/13 MP: 3/3
   299 | D:1      | Reached XP level 2. HP: 19/19 MP: 5/5
   309 | D:1      | Learned a level 2 spell: Throw Frost
   768 | D:2      | Reached XP level 3. HP: 24/24 MP: 3/6
  1321 | D:2      | Noticed Sigmund
  1368 | D:2      | Slain by Sigmund

Action                   || total
-------------------------++-------
Melee: Dagger            ||     7
       Short sword       ||    27
Throw: Javelin           ||     5
 Cast: Freeze            ||    24
       Throw Frost       ||     7
  Use: Potion            ||     1
 Stab: Sleeping          ||     2
  Eat: Chunk             ||     2
Armor: Robe              ||     9
Dodge: Dodged            ||    38
